Cogmind - Beta 16 @@@ ROGUE MODE // 2025.11.16 @ 16:13:40 // AFD2020/Player2 Player: daniels1231 Result: Core destroyed Performance ------------- Evolutions (1) 500 Regions Visited (4) 800 Robots Destroyed (30) 150 Value Destroyed (879) 879 Prototype IDs (0) 0 Alien Tech Used (0) 0 Bonus (496) 496 TOTAL SCORE: 2825 Bonus ------- High Alert Combat Kills 118 Follower Combat Kills 538 Friendly Fire -160 Cogmind --------- Core Integrity 0/400 Matter 300/300 Energy 265/265 System Corruption 0% Temperature Cool (0) Movement Walking (190) Ox1 Location -9/Storage Parts ------- > --- POWER (1) -------- Improved Ion Engine > --- PROPULSION (2) --- Aluminum Leg Improved Aluminum Leg > --- UTILITY (3) ------ Hardened Light Armor Plating Drone Bay (0/2) Drone Bay (0/2) > --- WEAPON (3) ------- Small Laser Rocket Launcher Mining Laser > --- INVENTORY (5) ---- Light Treads Propulsion Shielding Drone Bay (2/2) Drone Bay (2/2) Datajack Peak State ------------ > --- POWER ------------ Improved Ion Engine > --- PROPULSION ------- Aluminum Leg Improved Aluminum Leg > --- UTILITY ---------- Hardened Light Armor Plating Drone Bay Drone Bay > --- WEAPON ----------- Heavy Assault Rifle Rocket Launcher Mining Laser > --- INVENTORY -------- Light Treads Propulsion Shielding Small Laser Beam Rifle Datajack [Rating: 22] Favorites ----------- Power Light Ion Engine Engine Light Ion Engine Propulsion Compact Wheel Treads Light Treads Leg Improved Aluminum Leg Wheel Compact Wheel Utility Hardened Light Armor Plating Device Drone Bay Storage Medium Storage Unit Protection Hardened Light Armor Plating Weapon Small Laser Energy Gun Small Laser Ballistic Gun Heavy Assault Rifle Launcher Rocket Launcher Special Weapon Mining Laser Slashing Weapon Mining Claw Build | -11 -10 -10 -9 -9 ------- Run | Yrd Mat Min Mat Sto Slots Evolved 2 | . . . 2 . Power . | . . . . . Propulsion . | . . . . . Utility 1 | . . . 1 . Weapon 1 | . . . 1 . Parts Attached 31 | 7 . . 3 21 Power 3 | 1 . . . 2 Engine 3 | 1 . . . 2 Core . | . . . . . Reactor . | . . . . . Propulsion 8 | 3 . . . 5 Treads 3 | 1 . . . 2 Leg 3 | . . . . 3 Wheel 2 | 2 . . . . Hover . | . . . . . Flight . | . . . . . Utility 9 | 1 . . 1 7 Device 2 | . . . . 2 Storage 3 | 1 . . . 2 Processor . | . . . . . Hackware . | . . . . . Protection 4 | . . . 1 3 Artifact . | . . . . . Weapon 11 | 2 . . 2 7 Energy Gun 5 | 2 . . 1 2 Energy Cannon . | . . . . . Ballistic Gun 2 | . . . . 2 Ballistic Cannon . | . . . . . Launcher 2 | . . . 1 1 Special Weapon 1 | . . . . 1 Impact Weapon . | . . . . . Slashing Weapon 1 | . . . . 1 Piercing Weapon . | . . . . . Special Melee Weapon . | . . . . . Unidentified Prototypes . | . . . . . Parts Lost 7 | . . . . 7 Power 2 | . . . . 2 Propulsion 2 | . . . . 2 Utility 1 | . . . . 1 Weapon 2 | . . . . 2 Highest Loss Streak 2 | . . . . 2 To Critical Strikes . | . . . . . Average Backups 6 | 2 5 5 6 7 Power . | . 1 . . . Propulsion 1 | 1 3 1 2 1 Utility 1 | . . . . 1 Weapon 3 | . 1 3 4 4 Tool/Special . | . . . . . Unused Backups 11 | . . 4 . 7 Power 2 | . . 1 . 1 Propulsion 4 | . . 2 . 2 Utility 2 | . . . . 2 Weapon 2 | . . 1 . 1 Tool/Special 1 | . . . . 1 Average Slot Usage (%) 90 | . 85 85 85 93 Engine 9 | . 14 14 11 7 Treads 3 | . . . . 4 Leg 6 | . . . . 9 Wheel 13 | . 28 28 22 6 Device 2 | . . . . 3 Storage 12 | . 14 14 11 11 Protection 11 | . . . 8 17 Energy Gun 15 | . 28 28 26 8 Ballistic Gun 7 | . . . . 11 Launcher 6 | . . . 6 9 Special Weapon 1 | . . . . 2 Peak Build Rating 22 | 6 6 6 10 22 Average Rating 11 | 4 5 5 9 14 On Entrance 5 | . 6 5 6 10 Avg Prop Armor Cover (%) . | . . . . . Naked Turns . | . . . . . Heaviest Build 36 | 11 11 11 17 36 Greatest Support 40 | 32 32 32 32 40 Greatest Overweight (x) 11 | 1 . . . 11 Average Overweight (x) . | . . . . . Largest Inventory Capacity 10 | 8 8 8 8 10 Average Capacity 8 | 7 8 8 8 9 Most Carried 10 | 5 6 8 8 10 Average Carried 6 | 2 5 5 6 7 Final Capacity 8 | 8 8 8 8 5 Final Carried 8 | 5 6 8 8 5 Class Distribution -------------------- 59% | Tank 40% | Mutant Dominant Class ---------------- Mutant | -10/Materials Mutant | -10/Mines Tank | -9/Materials Tank | -9/Storage Resources | -11 -10 -10 -9 -9 ----------- Run | Yrd Mat Min Mat Sto Matter Collected 1022 | 203 . 91 40 688 Remotely . | . . . . . Salvage Created 892 | . . 30 146 716 Parts 57 | . . 2 7 48 Haulers Intercepted . | . . . . . Recyclers Shooed . | . . . . . Parts Field Recycled . | . . . . . Retrieved Matter . | . . . . . Parts Self-Destructed . | . . . . . Prevented . | . . . . . Parts Restored . | . . . . . Kills | -11 -10 -10 -9 -9 ------- Run | Yrd Mat Min Mat Sto Combat Hostiles Destroyed 21 | . . . 1 20 Guns 9 | . . . . 9 AOE 12 | . . . 1 11 Classes Destroyed 8 | . . 1 3 4 Worker 3 | . . 1 . 2 Recycler 2 | . . . 1 1 Mechanic 1 | . . . . 1 Operator 1 | . . . . 1 Watcher 2 | . . . 1 1 Swarmer 4 | . . . . 4 Grunt 8 | . . . . 8 Sentry 9 | . . . 1 8 Best Kill Streak 9 | . . 1 3 9 Combat Bots Only 6 | . . . 1 6 Max Kills in Single Turn 4 | . . 1 1 4 Gunslinging . | . . . . . Exploded 4 | . . . 1 4 Melee . | . . . . . Uniques/NPCs Destroyed . | . . . . . Combat | -11 -10 -10 -9 -9 -------- Run | Yrd Mat Min Mat Sto Hostile Shots Fired 124 | . 4 2 . 118 Missed 38 | . 2 1 . 35 Hits 86 | . 2 1 . 83 Melee 2 | . . . . 2 Projectile 84 | . 2 1 . 81 Critical Strikes 2 | . . . . 2 Damage Taken 1316 | . 26 27 . 1263 Core 221 | . 9 18 . 194 Absorbed by Shields . | . . . . . Redirected to Shielding 10 | . . . . 10 Core Remaining (%) 90 | 100 . 81 . . Volleys Fired 78 | . . 3 4 71 Largest 3 | . . 2 3 3 Hottest 126 | . . 80 126 126 Shots Fired 160 | . . 7 9 144 Gun 129 | . . 7 8 114 Cannon . | . . . . . Launcher 31 | . . . 1 30 Special . | . . . . . Kinetic 74 | . . . . 74 Thermal 38 | . . 3 4 31 Explosive 31 | . . . 1 30 Electromagnetic 17 | . . 4 4 9 Robot Hit Streak 14 | . . 3 4 14 Robot Miss Streak 5 | . . 1 1 5 Penetration Max . | . . . . . Secondary Targets . | . . . . . Shots Hit Robots 80 | . . 5 7 68 Core Hits 51 | . . 3 4 44 Critical Kills . | . . . . . Critical Parts Destroyed . | . . . . . Critical Strikes 7 | . . . 2 5 Burn 7 | . . . 2 5 Melee Attacks . | . . . . . Impact . | . . . . . Slashing . | . . . . . Piercing . | . . . . . Sneak Attacks . | . . . . . Combat Hostiles . | . . . . . Follow-up Attacks . | . . . . . Damage Inflicted 2686 | . . 102 211 2373 Guns 926 | . . 73 68 785 Cannons . | . . . . . Explosions 1707 | . . . 143 1564 Melee . | . . . . . Ramming 53 | . . 29 . 24 Kinetic 443 | . . . . 443 Thermal 451 | . . 34 131 286 Explosive 1619 | . . . 55 1564 Electromagnetic 120 | . . 39 25 56 Impact . | . . . . . Slashing . | . . . . . Piercing . | . . . . . Highest Corruption 2 | . . 2 . . Average Corruption 2 | . . 2 . . Corruption Purged . | . . . . . Corruption Blocked . | . . . . . Effects 2 | . . 2 . . Matter Fused 1 | . . 1 . . Misfires 1 | . . 1 . . Overload Shots . | . . . . . Overflow Damage 54 | . . . 5 49 Projectiles . | . . . . . Explosions 54 | . . . 5 49 Melee . | . . . . . Knockbacks . | . . . . . Impact . | . . . . . Kinetic . | . . . . . Secondary . | . . . . . Self-Inflicted Damage 103 | . . 13 . 90 Shots 3 | . . . . 3 Rammed 8 | . . 5 . 3 Targets Rammed 10 | . . 5 . 5 Kicked 2 | . . . . 2 Crushed . | . . . . . Highest Temperature 463 | . . 18 134 463 Average Temperature 100 | . . 12 56 106 Received Heat Transfer 516 | . . . . 516 Effects 6 | . . . . 6 Shutdowns 2 | . . . . 2 Short Circuit 2 | . . . . 2 Damage (minor) 1 | . . . . 1 Damage (major) 1 | . . . . 1 Siege Activations . | . . . . . Martial Activations . | . . . . . Shielding Activations . | . . . . . Robots Disrupted . | . . . . . Combat Hostiles . | . . . . . Robots Corrupted . | . . . . . Combat Hostiles . | . . . . . Parts Fried . | . . . . . Impact Corruptions . | . . . . . Robots Melted . | . . . . . Combat Hostiles . | . . . . . Parts Melted 3 | . . . 1 2 Heat Transferred 1453 | . . 75 359 1019 Parts Sabotaged . | . . . . . Parts Stolen . | . . . . . Parts Stripped . | . . . . . Power Chain Reactions 1 | . . . 1 . Alert | -11 -10 -10 -9 -9 ------- Run | Yrd Mat Min Mat Sto Maximum Alert Level 4 | . . . . 4 Low Security (%) 47 | 100 100 100 100 17 Level 1 7 | . . . . 11 Level 2 21 | . . . . 33 Level 3 20 | . . . . 31 Level 4 3 | . . . . 5 Level 5 . | . . . . . High Security . | . . . . . Max Security . | . . . . . Peak Influence 1122 | . . 6 65 1122 Initial 22 | . . . . 22 Average 364 | . . . 33 574 Influence Increases 1676 | . . 6 75 1595 Destroy 0b10 Robot/C 780 | . . . 20 760 Destroy 0b10 Robot/NC 70 | . . 5 15 50 Destroy Leader 218 | . . . 14 204 Allied During Kill 296 | . . 1 10 285 Successful Hack 9 | . . . . 9 Disable Machine 90 | . . . . 90 Destroy Structure 183 | . . . 16 167 Lose Combat Pursuer 30 | . . . . 30 Influence Decreases 643 | . . 6 20 617 Entered New Map 33 | . . . . 33 Time Decay 490 | . . 6 20 464 Lost Part 80 | . . . . 80 Lost Ally 40 | . . . . 40 Squads Dispatched 9 | . 1 . . 8 Investigation 3 | . 1 . . 2 Extermination . | . . . . . Reinforcement 3 | . . . . 3 Assault 3 | . . . . 3 Garrison . | . . . . . Intercept . | . . . . . Searches Triggered . | . . . . . Construction Impeded 2 | . . . . 2 Haulers Reinforced . | . . . . . Active Scanning Responses . | . . . . . Cargo Convoy Interrupts . | . . . . . Stealth | -11 -10 -10 -9 -9 --------- Run | Yrd Mat Min Mat Sto Distress Signals 7 | . 2 . 1 4 Communications Jammed . | . . . . . Distress Signals . | . . . . . Times Spotted 61 | . 8 2 4 47 Peak Tracking Total 11 | . 11 2 4 7 Tactical Retreats 2 | . . . . 2 Traps | -11 -10 -10 -9 -9 ------- Run | Yrd Mat Min Mat Sto Traps Triggered 1 | . 1 . . . Indirectly . | . . . . . Trap Hack Attempts . | . . . . . Triggered . | . . . . . Disarmed . | . . . . . Reprogrammed . | . . . . . Reused . | . . . . . Traps Extracted . | . . . . . Installed . | . . . . . Triggered . | . . . . . Machines | -11 -10 -10 -9 -9 ---------- Run | Yrd Mat Min Mat Sto Machines Disabled 6 | . . . . 6 Max in Single Turn 1 | . . . . 1 Machines Repaired . | . . . . . Machines Dismantled . | . . . . . Machines Sabotaged . | . . . . . Overloaded Fab Kills . | . . . . . Hacking | -11 -10 -10 -9 -9 --------- Run | Yrd Mat Min Mat Sto Machines Accessed 3 | . . . . 3 Terminals 3 | . . . . 3 Fabricators . | . . . . . Repair Stations . | . . . . . Recycling Units . | . . . . . Scanalyzers . | . . . . . Garrison Access . | . . . . . Total Hacks 5 | . . . . 5 Successful 3 | . . . . 3 Failed 2 | . . . . 2 Catastrophic 1 | . . . . 1 Database Lockouts . | . . . . . Manual 1 | . . . . 1 Terminals 5 | . . . . 5 Fabricators . | . . . . . Repair Stations . | . . . . . Recycling Units . | . . . . . Scanalyzers . | . . . . . Garrison Access . | . . . . . Terminal Hacks 3 | . . . . 3 Open Door 2 | . . . . 2 Recall Extermination 1 | . . . . 1 Fabricator Hacks . | . . . . . Repair Station Hacks . | . . . . . Recycling Unit Hacks . | . . . . . Scanalyzer . | . . . . . Garrison Access Hacks . | . . . . . Unauthorized Hacks . | . . . . . Terminals . | . . . . . Fabricators . | . . . . . Repair Stations . | . . . . . Recycling Units . | . . . . . Scanalyzers . | . . . . . Garrison Access . | . . . . . Data Cores Recovered . | . . . . . Used . | . . . . . Hacking Detections 3 | . . . . 3 Full Trace Events 1 | . . . . 1 Feedback Events . | . . . . . Feedback Blocked . | . . . . . Robot Schematics Acquired . | . . . . . Robots Built . | . . . . . Authchips . | . . . . . Time . | . . . . . Total Robot Build Rating . | . . . . . Part Schematics Acquired . | . . . . . Parts Built . | . . . . . Authchips . | . . . . . Time . | . . . . . Total Part Build Rating . | . . . . . Part Studies Acquired . | . . . . . Parts Repaired . | . . . . . Time . | . . . . . Parts Recycled . | . . . . . Recycled Matter . | . . . . . Retrieved Matter . | . . . . . Retrieved Components . | . . . . . Parts Scanalyzed . | . . . . . Part Schematics Acquired . | . . . . . Parts Damaged . | . . . . . Bothacking | -11 -10 -10 -9 -9 ------------ Run | Yrd Mat Min Mat Sto Used RIF Installer . | . . . . . Robots Hacked . | . . . . . Non-combat . | . . . . . Combat . | . . . . . Robot Hacks Applied . | . . . . . Relay Couplers Released . | . . . . . Fabnet Peak Effective % . | . . . . . Robots Rewired . | . . . . . Allies Hacked . | . . . . . Hacks Repelled . | . . . . . Allies | -11 -10 -10 -9 -9 -------- Run | Yrd Mat Min Mat Sto Total Allies 3 | . 1 . . 2 Largest Group 3 | . 1 1 1 3 Highest-Rated Group 127 | . 51 58 60 127 Highest-Rated Ally 69 | . 51 58 60 69 Total Orders . | . . . . . Ally Attacks 98 | . . . 4 94 Total Damage 1806 | . . . 59 1747 Kills 23 | . . . 1 22 Allies Corrupted . | . . . . . Allies Melted . | . . . . . Intel | -11 -10 -10 -9 -9 ------- Run | Yrd Mat Min Mat Sto Active Infowar (turns) . | . . . . . Robot Analysis Total . | . . . . . Derelict Logs Recovered . | . . . . . Drone Launches 4 | . . . . 4 Drone Recoveries . | . . . . . Exploration | -11 -10 -10 -9 -9 ------------- Run | Yrd Mat Min Mat Sto Turns Passed 1856 | 93 62 450 78 1173 Spaces Moved 1170 | 83 61 372 59 595 Core 26 | 19 . . . 7 Treads 140 | . . . . 140 Legs 222 | . . . . 222 Wheels 782 | 64 61 372 59 226 Hover . | . . . . . Flight . | . . . . . Fastest Speed 50 | 50 100 100 100 100 Average Speed 127 | 90 100 100 100 154 Slowest Speed 600 | 100 100 100 100 600 Overloaded Moves . | . . . . . Propulsion Burnouts . | . . . . . Robots Hopped . | . . . . . Potential Cave-ins . | . . . . . Cave-ins Triggered . | . . . . . Exploration Rate (%) 32 | 4 21 49 12 77 Regions Visited 4 Branch Regions 2 Pre-discovered Areas . | . . . . . Known Exits Taken . | . . . . . Unknown Exits Taken 4 | 1 1 1 1 . Scrap Searched 1 | . . 1 . . Spaces Dug . | . . . . . Terrain Destroyed 209 | . . . 14 195 Melee . | . . . . . Projectile . | . . . . . AOE 209 | . . . 14 195 Terrain Rammed . | . . . . . Walls Destroyed . | . . . . . Machines Disabled . | . . . . . Actions | -11 -10 -10 -9 -9 --------- Run | Yrd Mat Min Mat Sto Total 1403 | 99 62 446 70 726 Wait 54 | . 1 53 . . Move 1166 | 82 60 371 58 595 Hop . | . . . . . Pick Up 25 | 6 . 7 3 9 Fast Attach 21 | 6 . 1 . 14 Attach 17 | 2 . 1 3 11 Detach 12 | 2 1 . 1 8 Swap . | . . . . . Drop 20 | 1 . 5 1 13 Fire 78 | . . 3 4 71 Melee . | . . . . . Ram 6 | . . 5 . 1 Kick 2 | . . . . 2 Crush 2 | . . . . 2 Escape Stasis . | . . . . . Rewire . | . . . . . Trap . | . . . . . Miscellaneous . | . . . . . Route ------- -11/Scrapyard -10/Materials -10/Mines -9/Materials -9/Storage History --------- Turn | Location | Event 4 | -11/Scrapyard | Discovered new exit (range 16) 94 | -11/Scrapyard | Entered Materials 147 | -10/Materials | Discovered new exit (range 8) 156 | -10/Materials | Entered Mines 307 | -10/Mines | Joined a pair of Derelicts in attacking an 0b10 outpost 315 | -10/Mines | Build established: Mutant 534 | -10/Mines | Discovered new exit (range 14) 606 | -10/Mines | Entered Materials 606 | -9/Materials | Evolved 2 slots: Utility x1, Weapon x1 677 | -9/Materials | Discovered new exit (range 3) 684 | -9/Materials | Entered Storage 1194 | -9/Storage | Core integrity fell below 50% 1199 | -9/Storage | Build established: Tank 1311 | -9/Storage | Met a pair of Derelict thieves 1484 | -9/Storage | First assault squad dispatched 1575 | -9/Storage | Core integrity fell below 20% 1857 | -9/Storage | Core destroyed Last Messages --------------- 01751_ U-05 Engineer lays Concrete. 01753_ U-05 Engineer builds a Wall. 01757_ U-05 Engineer lays Concrete. 01769_ R-06 Scavenger collects Ion Engine. 01770_ U-05 Engineer builds a Wall. 01778_ R-06 Scavenger collects Aluminum Leg. 01782_ R-06 Scavenger collects Lgt. Treads. 01782_ U-05 Engineer builds a Wall. 01791_ Acquired 74 matter. 01815_ K-01 Serf cleans the Storage Shell. 01824_ R-06 Scavenger collects Flight Unit. 01836_ W-16 Scout sends out distress signal. 01844_ W-16 Scout destroyed. 01852_ A3-UDZ(g) triggered Alarm Trap. 01852_ An alarm sounds. 01852_ ALERT: Alarm triggered, dispatching investigation squad. 01854_ Player 2 suffers critical hit (Burn). 01856_ A3-UDZ(g) suffers critical hit (Burn). 01856_ A3-UDZ(g) destroyed. Map ----- +----------------------------------------------------+ | ##T# = #?????????????????????? | | ### #### =#?????????????????????? | | ??# #??######?????????????????????? | | ??# #?????????????????????????????? | | ??# #?????????????????????????????? | | ??# #?????????????????????????????? | | ??# #?????????????????????????????? | | ??# #?????????????????????????????? | | ### ##????????????????????????????? | | #??????????????????? ??????? | | % #??????????????????? ??????? | | #???????????????????Y a#?????? | | ##""##?????????????# #?????? | | =% T#?????????????# #?????? | | # %## ##?????????????# % #?????? | | #= ######??????????????# #?????? | | # !##??????????????????# #?????? | | # !##??????????????????# #?????? | | # ##????????????#??#??# ^^#?????? | | # % ##???????????? ?? ?#[ ^#?????? | | # ##????????????? ?+%! #?????? | | #% ####???????????"""" #= #?????? | | # # ????????????"""" # #?????? | | # %# "??????#???????"" + ####### | | %# "????? #??????????# # # | | + "????? #??????????#@ @# """ # | | # """""" #??????????# # """ # | | ##### #??????????# # """ # | | ????# #??#####?### # # | | ????# #?## ### ## # """ # | | ????# #?#""""" #?#n + """ # | | #########+###### T""####n # """ # | | ## % u % a n# # | | " ## =[ n # | | " ## # # | | " ## ##################### # | | " ## ######### ### # ??####### | | ## # #???##????????? | | ## # #?????????????? | | ## # #?????????????? | | ##### + #?????????????? | | #??## # #?????????????? | | #??##/ + #?????????????? | | ##### # #?????????????? | | =[ = #############?????????????? | | #######+##????????????????????????? | | ###### #????????????????????????? | | #[[!!# #????????????????????????? | | #/![! #????????????????????????? | | # !!#T##????????????????????????? | +----------------------------------------------------+ Best States ------------- Heat Dissipation 28 Energy Generation 12 Energy Capacity 265 Matter Stores 300 Matter Capacity 300 Sight Range 16 Terrain Scan Density 10 Armor Coverage 300 Propulsion Shielding 33 Evasion (%) 50 Recoil Reduction 2 Item Schematics ----------------- None Robot Schematics ------------------ None Fabricated ------------ Nothing Repaired ---------- Nothing Studied --------- None Alien Tech Used ----------------- None Achievements -------------- None Challenges ------------ None Player 2 | -11 -10 -10 -9 -9 ---------- Run | Yrd Mat Min Mat Sto Slots Evolved 2 | . . 2 . . Power . | . . . . . Propulsion 1 | . . 1 . . Utility . | . . . . . Weapon 1 | . . 1 . . Parts Attached 26 | . 1 10 4 11 Parts Lost 1 | . . . . 1 Damage Taken 831 | . 70 . . 761 Core 225 | . 19 . . 206 Player 2/Cogmind (%) 50 | . 67 . . 51 Absorbed by Shields . | . . . . . Damage Inflicted 1292 | . . . 59 1233 Player 2/Cogmind (%) 32 | . . . 21 34 Combat Hostiles Destroyed 12 | . . . . 12 Player 2/Cogmind (%) 36 | . . . . 37 Game ------ Seed BarrageTrackerMantle Manual? 0 Play Time 00:17:46 Cumulative 10.0 hours Start 2025.11.16 @ 15:56:29 End 2025.11.16 @ 16:13:40 Sessions 1 Manual Loads 0 Difficulty Rogue Special Mode AFD2020/Player2 Game No. 20 Rogue 16 Adventurer 4 Explorer 0 Win Type - Total 0 Types 0/0/0/0/0/0/0/0/0/0 Lore% 3 Gallery% 14 Achievement% 13 Wizard Run 0 Options --------- Layout 2 ASCII 0 Keyboard 1 Movement Arrows Keybinds 1 Fullscreen 2 Font 32/SmallcapsGlow Map View 50x44 Zoom Use 0% Tactical HUD 1 Map Filters NONE Filters NONE Steam 1 RUN: e6a75a68-9398-4564-8af6-b51d23c4f7b2